 Dungeon Crawl Stone Soup version 0.31-a0-859-g9dce7d3444 (webtiles) character file.

Game seed: 7430579372066000866

37 Maratek the Stinger (level 3, -2/19 HPs)
             Began as a Deep Elf Venom Mage on Oct 9, 2023.
             Slain by an adder (4 damage)
             ... on level 2 of the Dungeon.
             The game lasted 00:02:14 (1137 turns).

Maratek the Stinger (Deep Elf Venom Mage)           Turns: 1137, Time: 00:02:14

Health: -2/19      AC:  2    Str:  5    XL:     3   Next: 21%
Magic:  1/10       EV: 13    Int: 21    God:
Gold:   29         SH:  0    Dex: 15    Spells: 8/9 levels left

rFire   . . .        (no weapon)
rCold   . . .        (no shield)
rNeg    . . .        a - +0 robe
rPois   .            (no helmet)
rElec   .            (no cloak)
rCorr   .            (no gloves)
SInv    .            (no boots)
Will    .....        (no amulet)
Stlth   ++           (no ring)
HPRegen 0.23/turn    (no ring)
MPRegen 0.12/turn

%: no passive effects
@: no status effects
A: no striking features
a: no special abilities


You were on level 2 of the Dungeon.
You visited 1 branch of the dungeon, and saw 2 of its levels.

You collected 29 gold pieces.

Inventory:

Armour
 a - a +0 robe (worn)
Scrolls
 c - 2 scrolls of identify {unknown}
 d - a scroll of amnesia {unknown}
Potions
 b - a potion of magic


   Skills:
 + Level 2.7 Dodging
 + Level 2.5 Stealth
 + Level 3.7 Spellcasting
 + Level 1.6 Transmutations
 + Level 3.9 Poison Magic


You had 8 spell levels left.
You knew the following spells:

 Your Spells              Type           Power      Damage    Failure   Level
a - Sting                 Tmut/Pois      60%        1d6       3%          1

Your spell library contained the following spells:

 Spells                   Type           Power      Damage    Failure   Level
 Poisonous Vapours        Pois/Air       24%        N/A       9%          2
 Freeze                   Ice            12%        1d3       12%         1
 Mephitic Cloud           Conj/Pois/Air  9%         N/A       22%         3
 Olgreb's Toxic Radiance  Pois           20%        N/A       24%         4
 Frozen Ramparts          Ice            6%         1d1       36%         3
 Hailstorm                Conj/Ice       3%         3d3       36%         3
 Chain Lightning          Conj/Air       1%         3d2       100%        9
 Fire Storm               Conj/Fire      1%         8d1       100%        9
 Shatter                  Erth           1%         3d6*      100%        9


Dungeon Overview and Level Annotations

Branches:
Dungeon (2/15)

Altars:


Message History

The sting hits the goblin.
The goblin looks even sicker.
You kill the goblin!
The sting hits the worm.
The worm is poisoned.
The worm is lightly wounded.
A goblin comes into view. It is wielding a +0 dagger.
The sting hits the worm.
The worm looks even sicker.
The worm is lightly wounded.
The goblin shouts!
The sting hits the worm.
The worm looks even sicker.
The worm is severely wounded.
The sting hits the worm.
The worm looks as sick as possible!
The worm is almost dead.
The sting hits the worm.
The worm looks as sick as possible!
You kill the worm!
A giant cockroach comes into view.
The kobold hits you with a +0 whip. The endoplasm barely misses you.
The sting misses the kobold.
The endoplasm freezes you.
You are frozen.
The kobold hits you with a +0 whip.
* * * LOW HITPOINT WARNING * * *
You are too injured to fight recklessly!
The adder misses you. The adder attacks as it pursues you! The adder bites you.
* * * LOW HITPOINT WARNING * * *
You are too injured to fight recklessly!
Aiming: Sting (safe; 3% risk of failure)
Press: ? - help, Q - select action Shift-Dir - straight line, f/p - kobold
Aim: a kobold, wielding a +0 whip and quivering stones (67% to hit)
The sting hits the kobold.
The kobold is poisoned.
You kill the kobold!
The adder bites you but does no damage. The goblin attacks as it pursues you!
The goblin hits you with a +0 dagger.
* * * LOW HITPOINT WARNING * * *
The adder closely misses you.
There is a stone staircase leading down here.
Found an escape hatch in the ceiling.
The adder attacks as it pursues you! The adder misses you.
The adder closely misses you. The adder bites you.
You die...

#.....#.....###.# #.#....#
........#.####..####.#.#.##
........#.#..............#
.............###.###..####
...........#####.# #...#
.........#.## #..###.#.#
...<........###..#...#.## ###
........#....##..#.###..# #...
.>......#.......@..# ##.###.!..
........##..###..S.# #.#......
.....<..##...##.#gJ####.#......
......#####........B>..........
#####... .###.#...............
#.### . #.......#..))..#... .#
##...#........†...[###
.#....#....##.##.....
#..###.....#..<#....


You could see an adder, an endoplasm, a giant cockroach and a goblin.

Vanquished Creatures
  A worm (D:2)
  A dart slug (D:1)
  A bat (D:1)
  2 endoplasms (D:1)
  4 goblins
  2 hobgoblins (D:1)
  4 jackals (D:1)
  7 ball pythons
  2 frilled lizards (D:1)
  A kobold (D:2)
  5 rats
30 creatures vanquished.

Notes
Turn   | Place    | Note
-------+----------+-------------------------------------------
     0 | D:1      | Maratek the Deep Elf Venom Mage began the quest for the
                  | Orb.
     0 | D:1      | Reached XP level 1. HP: 10/10 MP: 6/6
   226 | D:1      | Reached XP level 2. HP: 15/15 MP: 5/8
   979 | D:1      | Reached XP level 3. HP: 19/19 MP: 7/10
  1137 | D:2      | Slain by an adder

Illustrated notes

Levels and vault maps discovered:
D:1:      lightli_arrival_statue_moat, layout_loops_ring, minmay_misc_feat_tower
D:2:      layout_rooms

Action                     || total
---------------------------++-------
   Cast: Sting             ||    55
 Armour: Robe              ||    11
  Dodge: Dodged            ||    15

Table legend: (Time is in decaauts)
 A = Elapsed time spent in this place.
 B = Non-inter-level travel time spent in this place.
 C = Inter-level travel time spent in this place.
 D = Time resting spent in this place.
 E = Time spent auto-exploring this place.
 F = Levels seen in this place.
 G = Mean time per level.
                   A        B        C        D        E       F      G
               +--------+--------+--------+--------+--------+-----+--------+
         Total |   1136 |   1130 |      6 |      0 |    976 |   2 |  568.0 |
       Dungeon |   1136 |   1130 |      6 |      0 |    976 |   2 |  568.0 |
               +--------+--------+--------+--------+--------+-----+--------+

Top non-repeatable levels by time:
     D:1: 1010 daAuts
     D:2: 126 daAuts
